 Dungeon Crawl Stone Soup version 0.19.5 (webtiles) character file.

218 McKennaii the Firebug (level 5, -3/28 HPs)
             Began as a Deep Elf Fire Elementalist on May 11, 2017.
             Killed from afar by harcile's ghost (5 damage)
             ... with a zap
             ... on level 4 of the Dungeon.
             The game lasted 00:06:27 (2765 turns).

McKennaii the Firebug (Deep Elf Fire Elementalist)  Turns: 2765, Time: 00:06:28

Health: -3/28      AC:  9    Str:  5    XL:     5   Next: 63%
Magic:  0/14       EV: 14    Int: 21    God:
Gold:   177        SH:  0    Dex: 15    Spells: 3 memorised, 7 levels left

rFire  . . .     SeeInvis .     (no weapon)
rCold  . . .     Gourm    .     a - +0 robe
rNeg   . . .     Faith    .     (no shield)
rPois  .         Spirit   .     (no helmet)
rElec  .         Reflect  .     n - +0 cloak
rCorr  .         Harm     .     x - +0 pair of gloves
MR     .....                    (no boots)
Stlth  ++........               (no amulet)
                                (no ring)
                                f - +5 ring of protection

@: no status effects
A: no striking features
a: no special abilities


You were on level 4 of the Dungeon.
You were hungry.

You visited 1 branch of the dungeon, and saw 4 of its levels.

You collected 177 gold pieces.

Inventory:

Armour
 a - a +0 robe (worn)
 n - a +0 cloak (worn)
 x - a +0 pair of gloves (worn)
Jewellery
 f - a +5 ring of protection (left hand)
Wands
 A - a wand of iceblast (7/15)
Scrolls
 e - 3 scrolls of remove curse {unknown}
 g - 9 scrolls of teleportation {unknown}
 i - 5 scrolls of identify {unknown}
 j - 2 scrolls of amnesia {unknown}
 m - a scroll of enchant armour {unknown}
 v - a scroll of fog {unknown}
 y - a scroll of enchant weapon {unknown}
Potions
 d - a potion of agility {unknown}
 h - 3 potions of haste {unknown}
 k - a potion of flight {unknown}
 l - a potion of beneficial mutation {unknown}
 o - a potion of brilliance {unknown}
 p - 3 potions of curing {unknown}
 q - 2 potions of heal wounds {unknown}
 r - 2 potions of lignification {unknown}
 s - a potion of cancellation {unknown}
 u - a potion of degeneration {unknown}
 w - a potion of might {unknown}
Books
 b - a book of Flames

   Spells                             Type                      Level
   a - Flame Tongue                   Conjuration/Fire             1
   b - Throw Flame                    Conjuration/Fire             2
   c - Conjure Flame                  Conjuration/Fire             3
   d - Inner Flame                    Hexes/Fire                   3
   e - Sticky Flame                   Conjuration/Fire             4
   f - Fireball                       Conjuration/Fire             5
Comestibles
 c - 3 bread rations
 t - 4 meat rations


   Skills:
 + Level 0.1 Fighting
 + Level 3.5 Dodging
 + Level 3.0 Stealth
 + Level 4.8 Spellcasting
 + Level 2.3 Conjurations
 + Level 4.9 Fire Magic


You had 7 spell levels left.
You knew the following spells:

 Your Spells              Type           Power        Failure   Level  Hunger
a - Flame Tongue          Conj/Fire      ###..        2%          1    None
b - Throw Flame           Conj/Fire      ###...       4%          2    None
c - Conjure Flame         Conj/Fire      ###.....     10%         3    ##.....


Dungeon Overview and Level Annotations

Branches:
Dungeon (4/15)
 Temple: D:4-7

Altars:
Elyvilon
Fedhas
Kikubaaqudgha
Ru
Xom

Annotations:
D:4 Grinder; harcile's ghost, amateur HEAE


Message History

Casting: Flame Tongue
Confirm with . or Enter, or press ? or * to list all spells.
Aiming: Flame Tongue
Press: ? - help, Shift-Dir - straight line, f/p - harcile's ghost
Aim: harcile's ghost (almost destroyed)
The flame tongue misses harcile's ghost.
Harcile's ghost whispers, "There is no future for you."
Harcile's ghost points at you and mumbles some strange words.
The zap hits you!
* * * LOW HITPOINT WARNING * * *
Casting: Flame Tongue
Confirm with . or Enter, or press ? or * to list all spells.
Aiming: Flame Tongue
Press: ? - help, Shift-Dir - straight line, f/p - harcile's ghost
Aim: harcile's ghost (almost destroyed)
The flame tongue hits harcile's ghost.
Harcile's ghost is almost destroyed.
Harcile's ghost casts a spell at you. The zap hits you!
You die...

#............................##..
........##...###.................
.........#...# #............###..
..<......##..###......##.##.####.
.........##...#.......#...#..####
........≈.≈≈≈.#.......#.8.#...# #
.........≈≈.......W#..#W..#...# #
.......(≈≈_.≈.....######.##...# #
..........≈≈....@.# #.###### #
#.......≈...≈#..##### ##.## #####
##.#...###.###..#...###...###...#
#..#######........8....._.....8..
#.## ###.......#...###...###...#
..#####.........#####.##.## #####
.###.........####......#.#
...........### #.....##.##
........#### ##....#...#


You could see harcile's ghost.

Vanquished Creatures
  An iguana (D:4)
  4 gnolls (D:3)
  8 adders
  4 worms
  2 dart slugs (D:1)
  2 leopard geckos
  An orc (D:4)
  4 ball pythons
  6 giant cockroaches
  6 goblins
  6 hobgoblins
  3 jackals (D:1)
  2 quokkas (D:3)
  7 bats
  2 frilled lizards (D:3)
  8 kobolds
  4 rats
70 creatures vanquished.

Notes
Turn   | Place    | Note
-------+----------+-------------------------------------------
     0 | D:1      | McKennaii the Deep Elf Fire Elementalist began the quest for the Orb.
     0 | D:1      | Reached XP level 1. HP: 10/10 MP: 6/6
   230 | D:1      | Reached XP level 2. HP: 13/15 MP: 5/8
   596 | D:2      | Reached XP level 3. HP: 15/19 MP: 0/10
   946 | D:2      | Found an ancient bone altar of Kikubaaqudgha.
  1040 | D:2      | Found a sacrificial altar of Ru.
  1127 | D:2      | Reached XP level 4. HP: 22/24 MP: 6/11
  1626 | D:3      | Reached XP level 5. HP: 22/28 MP: 10/13
  1911 | D:3      | Found a shimmering altar of Xom.
  2046 | D:4      | Found a blossoming altar of Fedhas.
  2183 | D:4      | Noticed Grinder
  2217 | D:4      | Learned a level 2 spell: Throw Flame
  2221 | D:4      | Learned a level 3 spell: Conjure Flame
  2310 | D:4      | Found a white marble altar of Elyvilon.
  2736 | D:4      | Noticed harcile's ghost (amateur HEAE)
  2765 | D:4      | Killed from afar by harcile's ghost

Skill      XL: |  1  2  3  4  5 |
---------------+----------------+-----
Fire Magic     | 4 |  4.9
Dodging        | 3 |  3.5
Spellcasting   | 4 |  4.8
Conjurations   | 2 |  2.3
Stealth        | 3 |  3.0
Fighting       | |  0.1

Action                   |  1- 3 |  4- 6 || total
-------------------------+-------+-------++-------
Melee: Unarmed           |       |     2 ||     2
 Cast: Flame Tongue      |    76 |    85 ||   161
       Conjure Flame     |       |     4 ||     4
       Throw Flame       |       |     1 ||     1
  Eat: Chunk             |       |     5 ||     5
Armor: Robe              |     9 |    24 ||    33
Dodge: Dodged            |    32 |    45 ||    77
